 Dungeon Crawl Stone Soup version 0.25.0-33-gff14898491 (webtiles) character file.

Game seed: 1179836637032318569

123379 nikku the Severer (level 16, -2/157 (159) HPs)
             Began as a Minotaur Berserker on June 29, 2020.
             Was a High Priest of Trog.
             Killed from afar by a shock serpent (13 damage)
             ... with a bolt of electricity
             ... on level 2 of the Snake Pit on July 6, 2020.
             The game lasted 01:13:42 (27987 turns).

nikku the Severer (Minotaur Berserker)             Turns: 27987, Time: 01:13:42

HP:   -2/157 (159)  AC: 29    Str: 28    XL:     16   Next: 36%
MP:   17/17         EV:  9    Int:  4    God:    Trog [*****.]
Gold: 2111          SH:  6    Dex: 11    Spells: 15/15 levels left

rFire    . . .     SeeInvis .   a - +2 broad axe (flame)
rCold    + . .     Gourm    .   r - +0 buckler
rNeg     . . .     Faith    .   U - +3 plate armour {rC+}
rPois    +         Spirit   .   H - +0 hat {MR+}
rElec    .         Reflect  .   q - +1 cloak
rCorr    .         Harm     .   V - +2 pair of gloves
MR       +++++                  j - +0 pair of boots {Stlth+}
Stlth    ..........             u - amulet of the acrobat
HPRegen  1.36/turn              F - ring of poison resistance
MPRegen  0.15/turn              C - ring of protection from magic

@: regenerating
A: retaliatory headbutt, horns 2
a: Berserk, Trog's Hand, Brothers in Arms, Renounce Religion


You were on level 2 of the Snake Pit.
You worshipped Trog.
Trog was extremely pleased with you.
You were near starving.

You visited 4 branches of the dungeon, and saw 25 of its levels.
You also visited: Gauntlet.

You collected 2765 gold pieces.
You spent 654 gold pieces at shops.

Inventory:

Hand Weapons
 a - a +2 broad axe of flaming (weapon)
 K - a +0 antimagic war axe
 L - a +0 broad axe
Missiles
 o - 13 javelins (quivered)
 G - 19 silver javelins
Armour
 j - a +0 pair of boots of stealth (worn)
 q - a +1 cloak (worn)
 r - a +0 buckler (worn)
 H - a +0 hat of magic resistance (worn)
 N - +0 acid dragon scales
 U - a +3 plate armour of cold resistance (worn)
 V - a +2 pair of gloves (worn)
Jewellery
 f - a +4 ring of protection
 u - an amulet of the acrobat (around neck)
 y - an uncursed amulet of reflection
 C - a ring of protection from magic (right hand)
 F - a ring of poison resistance (left hand)
 T - the ring "Dozeacah" {rN++ Int+4 Dex-2 Stlth+}
   (You found it in a Gauntlet)

   [ring of stealth]

   It affects your intelligence (+4).
   It affects your dexterity (-2).
   It greatly protects you from negative energy.
   It makes you more stealthy.
 W - an uncursed ring of resist corrosion
 Z - a +4 ring of slaying
Wands
 t - a wand of paralysis (24)
 v - a wand of enslavement (12)
 w - a wand of digging (11)
 x - a wand of random effects (80)
 z - a wand of acid (5)
 A - a wand of flame (54)
 E - a wand of iceblast (12)
 X - a wand of disintegration (12)
Scrolls
 b - a scroll of silence
 d - 6 scrolls of magic mapping
 h - 2 scrolls of fear
 k - 12 scrolls of teleportation
 D - 5 scrolls of remove curse
 Q - 2 scrolls of fog
Potions
 e - a potion of invisibility
 g - 10 potions of curing
 l - a potion of haste
 n - 4 potions of heal wounds
 s - 2 potions of mutation
 B - 2 potions of ambrosia
 P - 3 potions of lignification
 R - a potion of might
 S - 2 potions of cancellation
Miscellaneous
 I - a lightning rod (4/4)
Comestibles
 c - 40 rations


   Skills:
 + Level 18.6 Fighting
 + Level 18.6 Axes
 - Level 17.9 Armour
 - Level 2.1 Dodging
 - Level 11.3 Shields
 + Level 3.9 Evocations


You had 15 spell levels left.
You didn't know any spells.
Your spell library was empty.

Dungeon Overview and Level Annotations

Branches:
Dungeon (15/15)            Temple (0/1) D:7            Lair (6/6) D:8
 Shoals (0/4) Lair:2        Snake (2/4) Lair:3        Slime (0/5) Lair:6
    Orc (2/2) D:11            Elf (0/3) Orc:2        Vaults (0/5) D:14
 Depths (0/5) D:15        Gauntlet (visited)

Altars:
Dithmenos
Gozag
Kikubaaqudgha
Makhleb
Nemelex Xobeh
Sif Muna
Trog
Uskayaw
Wu Jian
Yredelemnul
Zin
The Shining One
Beogh

Shops:
D:8 }   D:11 [   Orc:2 !?[:   Snake:2 [

Portals:
Hell: Lair:6
Trove: D:12 (lose all piety)

Annotations:
D:3 2 transporters
Lair:1 2 runed translucent doors, SamuraiZach's ghost, journeyman TrBe
Lair:4 exclusion: 3 oklob plants
Orc:2 3 runed translucent doors, EnegeticOcto's ghost, journeyman DDFi


Innate Abilities, Weirdness & Mutations

You reflexively headbutt those who attack you in melee.
You have a pair of horns on your head.


Message History

You closely miss the shock serpent. The shock serpent bites you.
The shock serpent shocks you!
The shock serpent shoots out a bolt of lightning at you!
The bolt of electricity hits you!!
* * * LOW HITPOINT WARNING * * *
The bolt of electricity hits you!
* * * LOW HITPOINT WARNING * * *
The bolt of electricity hits the shock serpent.
The shock serpent completely resists.
You slice the shock serpent!! You burn the shock serpent.
You kill the shock serpent!
Trog accepts your kill.
You barely miss the shock serpent.
The air sparks with electricity, shocking you!
* * * LOW HITPOINT WARNING * * *
The shock serpent shoots out a bolt of lightning at you!
The bolt of electricity hits you!!
* * * LOW HITPOINT WARNING * * *
The bolt of electricity hits you!
You die...

##.# #.# #.###
#...######
###......# .8
#......#
⌠.⌠.###......#
.∩.8..S...#####
⌠.⌠.###@.......
.8 #†####...
..# .. #..# #
##.. #.. #..
....


You could see a shock serpent.

Vanquished Creatures
  Gastronok (Lair:1)
  Kirke (Lair:4)
  Aizul (Snake:1)
  Azrael (D:12)
  A minotaur (Gauntlet)
  An ettin (Orc:2)
  A yaktaur captain (D:14)
  Josephine (Lair:4)
  Fannar (D:10)
  4 vault guards (D:14)
  Harold (D:8)
  9 hydras
  A naga warrior (Snake:1)
  A hell beast (Lair:6)
  A rakshasa (D:15)
  3 anacondas (Snake:1)
  A catoblepas (D:10)
  Erica (D:8)
  4 centaur warriors
  6 two-headed ogres
  A dancing weapon (D:14)
  2 death knights
  Urug (Lair:1)
  3 orc high priests (Orc:2)
  2 shock serpents
  2 skeletal warriors (D:13)
  A deep troll (shapeshifter) (Gauntlet)
  2 glowing orange brains (shapeshifter) (Gauntlet)
  5 unseen horrors
  A death drake (shapeshifter) (D:15)
  4 naga ritualists
  3 wizards
  A glowing orange brain (D:15)
  5 orc knights
  A deep elf mage (D:13)
  3 orc sorcerers (Orc:2)
  2 manticores
  5 mana vipers
  A salamander (Snake:1)
  10 ugly things (D:14)
  A moth of wrath (Gauntlet)
  5 centaur zombies
  4 cyclopes
  16 elephants
  11 black mambas
  2 torpor snails
  Maurice (D:10)
  3 naga magi
  4 orange demons (Lair:6)
  2 gargoyles
  A molten gargoyle (Lair:5)
  A smoke demon (Lair:6)
  15 spiny frogs
  A torpor snail (shapeshifter) (D:15)
  4 freezing wraiths
  8 komodo dragons
  5 rime drakes
  A rime drake (shapeshifter) (D:15)
  An ice devil (Lair:6)
  2 tengu conjurers (D:13)
  A red devil (Lair:6)
  8 trolls
  A wind drake (shapeshifter) (D:15)
  Prince Ribbit (D:9)
  2 hornets (D:13)
  10 slime creatures
  10 dream sheep
  12 blink frogs
  13 hippogriffs
  Sigmund (D:5)
  A spriggan (shapeshifter) (D:15)
  A wyvern (D:8)
  A shadow (D:15)
  41 yaks
  6 wraiths
  A vampire (D:13)
  4 hungry ghosts
  4 hogs (Lair:4)
  A fire elemental (D:12)
  2 basilisks
  A steam dragon (Lair:5)
  12 vampire mosquitoes
  7 nagas
  A warg (Orc:2)
  2 acid dragons
  10 hell hounds
  13 water moccasins
  4 porcupines
  5 black bears
  5 ice beasts
  28 orc warriors
  4 sky beasts
  A necrophage (D:9)
  A tengu (shapeshifter) (D:13)
  21 wolves
  7 centaurs
  2 phantoms
  5 ogres
  21 crocodiles
  5 big kobolds
  Blork the orc (D:5)
  20 bullfrogs
  A wyvern zombie (D:13)
  2 wyvern skeletons (D:13)
  6 scorpions
  3 troll zombies (D:11)
  5 killer bees (D:10)
  24 wights
  A killer bee (shapeshifter) (Gauntlet)
  4 lava snakes (Lair:5)
  7 crimson imps
  A bullfrog zombie (D:8)
  5 howler monkeys
  11 hounds
  3 quasits
  9 jellies
  A gnoll shaman (D:8)
  14 orc priests
  26 orc wizards
  2 centaur skeletons
  Ijyb (D:4)
  4 iguanas
  16 worker ants
  5 ogre zombies (D:11)
  A howler monkey zombie (D:8)
  2 worker ant zombies
  11 gnolls
  11 adders
  4 shadow imps
  3 oozes (Lair:6)
  2 adder zombies
  A worm (D:2)
  A dart slug (D:1)
  3 leopard geckos
  88 orcs
  A ball python (D:3)
  8 bats
  2 giant cockroaches
  7 goblins
  7 hobgoblins
  11 jackals
  14 kobolds
  4 quokkas
  4 frilled lizards
  4 goblin skeletons (D:11)
  4 goblin zombies (D:11)
  A hobgoblin skeleton (D:11)
  A hobgoblin zombie (D:11)
  A jackal skeleton (D:4)
  3 orc skeletons (D:11)
  12 orc zombies (D:11)
  7 rats
  A fungus (Lair:3)
  2 plants (Gauntlet)
853 creatures vanquished.

Vanquished Creatures (others)
  An unseen horror (D:11)
  A molten gargoyle (Lair:5)
  An elephant (Lair:6)
  A lava snake (Lair:5)
  3 fungi
  5 plants (Gauntlet)
12 creatures vanquished.

Grand Total: 865 creatures vanquished

Notes
Turn   | Place    | Note
-------+----------+-------------------------------------------
     0 | D:1      | nikku the Minotaur Berserker began the quest for the Orb.
     0 | D:1      | Reached XP level 1. HP: 19/19 MP: 0/0
   204 | D:1      | Reached XP level 2. HP: 27/27 MP: 1/1
   584 | D:2      | Reached XP level 3. HP: 30/33 MP: 2/2
   837 | D:2      | Reached ** piety under Trog
   897 | D:2      | Found a hide-covered altar of Uskayaw.
  1161 | D:2      | Reached XP level 4. HP: 41/41 MP: 3/3
  1619 | D:3      | Found a transporter.
  1633 | D:3      | Found a transporter.
  1843 | D:3      | Found an ornate altar of the Wu Jian Council.
  2123 | D:4      | Reached XP level 5. HP: 40/47 MP: 4/4
  2222 | D:4      | Reached skill level 5 in Fighting
  2222 | D:4      | Reached skill level 5 in Axes
  2222 | D:4      | Reached skill level 1 in Shields
  2271 | D:4      | Noticed Ijyb
  2279 | D:4      | Killed Ijyb
  2841 | D:5      | Entered Level 5 of the Dungeon
  2847 | D:5      | Reached XP level 6. HP: 56/56 MP: 5/5
  2865 | D:5      | Found a shadowy altar of Dithmenos.
  2890 | D:5      | Noticed Blork the orc
  2896 | D:5      | Killed Blork the orc
  2963 | D:5      | Noticed a sky beast
  2982 | D:5      | Killed a sky beast
  2982 | D:5      | Reached skill level 5 in Armour
  3151 | D:5      | Noticed Sigmund
  3162 | D:5      | Killed Sigmund
  3162 | D:5      | Reached XP level 7. HP: 63/63 MP: 6/6
  3609 | D:6      | Found a basalt altar of Yredelemnul.
  3715 | D:6      | Reached XP level 8. HP: 71/71 MP: 7/7
  3955 | D:6      | Reached skill level 5 in Shields
  4111 | D:6      | Reached *** piety under Trog
  4377 | D:7      | Noticed a hippogriff
  4386 | D:7      | Killed a hippogriff
  4400 | D:7      | Reached XP level 9. HP: 81/81 MP: 8/8
  4752 | D:7      | Found a staircase to the Ecumenical Temple.
  5167 | D:7      | Found a shimmering blue altar of Sif Muna.
  5200 | D:7      | Found a sparkling altar of Nemelex Xobeh.
  5515 | D:8      | Found a staircase to the Lair.
  5581 | D:8      | Reached **** piety under Trog
  5581 | D:8      | Reached XP level 10. HP: 91/91 MP: 9/9
  5748 | D:8      | Noticed a gargoyle
  5753 | D:8      | Killed a gargoyle
  5927 | D:8      | Found Emaqep's Gadget Emporium.
  6034 | D:8      | Reached skill level 10 in Fighting
  6034 | D:8      | Reached skill level 10 in Axes
  6086 | D:8      | Noticed Harold
  6101 | D:8      | Killed Harold
  6266 | D:8      | Noticed a two-headed ogre
  6277 | D:8      | Killed a two-headed ogre
  6277 | D:8      | Reached skill level 10 in Armour
  6441 | D:8      | Noticed Erica
  6455 | D:8      | Killed Erica
  6670 | D:8      | Reached XP level 11. HP: 85/101 MP: 10/10
  7079 | D:9      | Noticed Prince Ribbit
  7082 | D:9      | Found a glowing silver altar of Zin.
  7082 | D:9      | Found a glowing golden altar of the Shining One.
  7093 | D:9      | Killed Prince Ribbit
  7099 | D:9      | Found an ancient bone altar of Kikubaaqudgha.
  7215 | D:9      | Reached skill level 10 in Shields
  7876 | D:10     | Entered Level 10 of the Dungeon
  7891 | D:10     | Noticed Fannar
  7907 | D:10     | Killed Fannar
  8158 | D:10     | Noticed a three-headed hydra
  8168 | D:10     | Killed a one-headed hydra
  8218 | D:10     | Noticed a catoblepas
  8250 | D:10     | Killed a catoblepas
  8348 | D:10     | Killed an unseen horror
  8925 | D:10     | Noticed Maurice
  8934 | D:10     | Killed Maurice
  9073 | D:11     | Noticed a two-headed ogre
  9079 | D:11     | Killed an unseen horror
  9079 | D:11     | Reached XP level 12. HP: 112/112 MP: 11/11
  9082 | D:11     | Killed a two-headed ogre
  9082 | D:11     | Noticed a two-headed ogre
  9139 | D:11     | Killed a two-headed ogre
  9142 | D:11     | Reached ***** piety under Trog
  9144 | D:11     | Noticed a five-headed hydra
  9203 | Lair:1   | Entered Level 1 of the Lair of Beasts
  9303 | Lair:1   | Found a large runed translucent door.
  9303 | Lair:1   | Found a large runed translucent door.
  9305 | Lair:1   | Noticed SamuraiZach's ghost (journeyman TrBe)
  9548 | Lair:1   | Noticed Urug
  9567 | Lair:1   | Killed Urug
 10095 | Lair:1   | Noticed Gastronok
 10127 | Lair:1   | Killed Gastronok
 10802 | Lair:2   | Found a staircase to the Shoals.
 11257 | Lair:2   | Noticed a four-headed hydra
 11266 | Lair:2   | Killed a one-headed hydra
 11844 | Lair:3   | Reached XP level 13. HP: 123/123 MP: 12/12
 11865 | Lair:3   | Found a staircase to the Snake Pit.
 13570 | Lair:4   | Got a bloodstained chain mail
 13581 | Lair:4   | Identified the cursed +0 chain mail "Lux Kix" {Harm rC+++
                  | Stlth-} (You found it on level 4 of the Lair of Beasts)
 13752 | Lair:4   | Noticed Kirke
 13777 | Lair:4   | Killed Kirke
 14051 | Lair:4   | Noticed Josephine
 14056 | Lair:4   | Received a gift from Trog
 14062 | Lair:4   | Killed Josephine
 15298 | Lair:5   | Got a bloodstained chain mail
 15309 | Lair:5   | Identified the +0 chain mail of the Wasteland {Int+4} (You
                  | found it on level 5 of the Lair of Beasts)
 15797 | Lair:5   | Reached skill level 15 in Fighting
 16036 | Lair:6   | Entered Level 6 of the Lair of Beasts
 16050 | Lair:6   | Reached skill level 15 in Axes
 16177 | Lair:6   | Reached skill level 15 in Armour
 16428 | Lair:6   | Reached XP level 14. HP: 128/135 MP: 13/13
 16472 | Lair:6   | Found a staircase to the Slime Pits.
 18001 | Lair:6   | Found a burning altar of Makhleb.
 18295 | Lair:6   | Found a gateway to Hell.
 18643 | D:11     | Found a staircase to the Orcish Mines.
 18644 | D:11     | Found Gyucuhurgh's Antique Armour Emporium.
 18817 | D:11     | Bought a pair of glowing boots for 232 gold pieces
 19165 | D:12     | Noticed Azrael
 19181 | D:12     | Killed Azrael
 19181 | D:12     | Received a gift from Trog
 19730 | D:12     | Found a portal to a secret trove of treasure.
 19997 | Orc:1    | Entered Level 1 of the Orcish Mines
 20319 | Orc:2    | Entered Level 2 of the Orcish Mines
 20323 | Orc:2    | Found a gate leading to a gauntlet.
 20382 | Gauntlet | Entered a Gauntlet
 20382 | Gauntlet | Found a transporter.
 20487 | Gauntlet | Found a transporter.
 20502 | Gauntlet | Found a transporter.
 20507 | Gauntlet | Found a transporter.
 20524 | Gauntlet | Found a transporter.
 20542 | Gauntlet | Found a transporter.
 20554 | Gauntlet | Found a transporter.
 20566 | Gauntlet | Found a transporter.
 20578 | Gauntlet | Found a transporter.
 20584 | Gauntlet | Found a transporter.
 20584 | Gauntlet | Found a transporter.
 20586 | Gauntlet | Found a transporter.
 20616 | Gauntlet | Found a transporter.
 20618 | Gauntlet | Found a transporter.
 20654 | Gauntlet | Found a transporter.
 20662 | Gauntlet | Found a transporter.
 20716 | Gauntlet | Found a transporter.
 20785 | Gauntlet | Found a transporter.
 20905 | Gauntlet | Got an ancient iron ring
 20991 | Orc:2    | Identified the ring "Dozeacah" {rN++ Int+4 Dex-2 Stlth+}
                  | (You found it in a Gauntlet)
 21041 | Orc:2    | Found a runed translucent gate.
 21041 | Orc:2    | Found a runed translucent gate.
 21147 | Orc:2    | Found a roughly hewn altar of Beogh.
 21150 | Orc:2    | Found a runed translucent gate.
 21151 | Orc:2    | Noticed EnegeticOcto's ghost (journeyman DDFi)
 21154 | Orc:2    | Found a staircase to the Elven Halls.
 21236 | Orc:2    | Received a gift from Trog
 21435 | Orc:2    | Reached XP level 15. HP: 146/146 MP: 14/14
 21736 | Orc:2    | Found Fyhudwach's Magic Scroll Boutique.
 21736 | Orc:2    | Found Poploqev's Distillery.
 21738 | Orc:2    | Found Xir Lani's Antique Armour Shoppe.
 21738 | Orc:2    | Found Panututa's Book Boutique.
 21744 | Orc:2    | Bought a potion of heal wounds for 65 gold pieces
 21744 | Orc:2    | Bought a potion of might for 52 gold pieces
 21744 | Orc:2    | Bought a potion of cancellation for 104 gold pieces
 21744 | Orc:2    | Bought a potion of curing for 39 gold pieces
 21749 | Orc:2    | Bought a scroll of teleportation for 54 gold pieces
 21749 | Orc:2    | Bought a scroll of teleportation for 54 gold pieces
 21749 | Orc:2    | Bought a scroll of teleportation for 54 gold pieces
 22092 | Orc:1    | Found a bloodstained altar of Trog.
 22754 | D:13     | Received a gift from Trog
 23127 | D:13     | Upgraded the game from 0.25.0-15-gac7dcb8919 to
                  | 0.25.0-26-g0c896c7088
 23127 | D:13     | Upgraded the game from 0.25.0-26-g0c896c7088 to
                  | 0.25.0-33-gff14898491
 23739 | D:14     | Found an opulent altar of Gozag.
 23739 | D:14     | Found a glowing golden altar of the Shining One.
 24285 | D:14     | Found a gate to the Vaults.
 24924 | D:15     | Entered Level 15 of the Dungeon
 25535 | D:15     | Reached XP level 16. HP: 128/157 MP: 15/15
 25623 | D:15     | Reached skill level 1 in Evocations
 25923 | D:15     | Found a staircase to the Depths.
 26060 | D:15     | Found a glowing golden altar of the Shining One.
 26590 | Snake:1  | Entered Level 1 of the Snake Pit
 27231 | Snake:1  | Noticed Aizul
 27246 | Snake:1  | Killed Aizul
 27977 | Snake:2  | Found Gohef's Antique Armour Shop.
 27987 | Snake:2  | Killed from afar by a shock serpent

Illustrated notes

Levels and vault maps discovered:
D:1:      dpeg_arrival_pits, layout_basic, chequers_serial_rivers_micro_d
D:2:      layout_loops_ring, eat_drink_and_be_merry_uskayaw
D:3:      gammafunk_steamed_eel, layout_basic, old_standard_altar, minivault_25
D:4:      layout_rooms, uniq_ijyb
D:5:      layout_rooms, first_ration, nicolae_dithmenos_the_darkroom,
          uniq_blork_the_orc, uniq_sigmund
D:6:      layout_loops_cross, yredelemnul_altar_generic
D:7:      layout_loops_corners, lemuel_crystal_altar, minmay_temple_entry_glass,
          nemelex_spade_bored_becter
D:8:      minmay_distorted_concentric_squares, layout_cave_pods, serial_shops,
          nicolae_shop_waterfront, serial_column_ruins, column_ruins_hut,
          column_ruins_grid_3, column_ruins_corridor_straight,
          column_ruins_columns_dead_end, column_ruins_open_tiny,
          column_ruins_grid_3, uniq_harold, uniq_erica
D:9:      layout_loops_ring, grunt_temple_overflow_open, uniq_prince_ribbit1
D:10:     layout_loops_ring, hangedman_ranch [blue_anna_fruit_fields],
          uniq_fannar, uniq_maurice
D:11:     layout_big_octagon, zombieorc2_lemuel, serial_shops,
          nicolae_shop_statue_plus, minmay_misc_feat_iff
D:12:     layout_loops_ring, enter_trove_1, uniq_azrael
D:13:     layout_cave_pods, kennysheep_kite_vault
D:14:     layout_layer_cave, lightli_vaults_fourway_checkpoint,
          jmf_multi_god_temple
D:15:     gammafunk_enter_depths_forms, layout_irregular_city, tso_altar
Lair:1:   layout_layer_cave, ebering_ghost_disaster_area, uniq_urug,
          uniq_gastronok
Lair:2:   layout_cave_pods, shoals_dummy_entry
Lair:3:   layout_gridlike, minmay_snake_entry_guardpost_small,
          grunt_megastairs_4
Lair:4:   layout_cave_pods, infiniplex_staircase_pool_2, serial_bayou_shore_a,
          minmay_lair_oklob_chamber, uniq_kirke, uniq_josephine
Lair:5:   cheibrodos_magma_flow, layout_long_grid
Lair:6:   evil_forest, layout_hall_layers, nicolae_slime_entry_slimehenge
Snake:1:  layout_concentric_octagons, uniq_aizul
Snake:2:  layout_misc_corridors, serial_shops, nicolae_shop_window_shopping,
          shop, nicolae_shop_temple_entry_statues_fountains, nicolae_shop_trees,
          nicolae_coiled_stairwell_up
Orc:1:    layout_caves, bloody_trog
Orc:2:    grunt_orc_tribal_feast, layout_caves, basic_altar,
          gauntlet_entry_generic, maelrawn_ghost_gauntlet_escape

Skill      XL: |  1  2  3  4  5  6  7  8  9 10 11 12 13 14 15 16 |
---------------+-------------------------------------------------+-----
Fighting       | 4 5 6 8 9 10 12 13 15 16 18 | 18.6
Axes           | 4 5 6 8 9 10 12 13 15 16 18 | 18.6
Armour         | 3 4 5 6 7 9 10 11 13 15 16 17 | 17.9
Shields        | 2 3 4 6 8 9 11 | 11.3
Evocations     | 3 |  3.9
Dodging        | |  2.1

Action                   |  1- 3 |  4- 6 |  7- 9 | 10-12 | 13-15 | 16-18 || total
-------------------------+-------+-------+-------+-------+-------+-------++-------
Melee: Hand axe          |    76 |    88 |       |    18 |    52 |       ||   234
       Headbutt          |    14 |    18 |    46 |   141 |   267 |    40 ||   526
       War axe           |       |    35 |   264 |   566 |   711 |       ||  1576
       Broad axe         |       |       |       |       |   381 |   201 ||   582
Throw: Dart              |       |       |       |     5 |       |       ||     5
Invok: Trog's Hand       |       |     3 |     6 |    18 |    28 |     4 ||    59
       Berserk           |       |     2 |     5 |     9 |    16 |     2 ||    34
  Use: Scroll            |     2 |     6 |     6 |     8 |    14 |     2 ||    38
       Potion            |       |       |       |       |     5 |       ||     5
  Eat: Chunk             |     1 |     8 |    15 |    34 |    56 |     3 ||   117
       Ration            |       |       |       |     2 |     4 |     2 ||     8
Armor: Ring mail         |    34 |    67 |    63 |    37 |       |       ||   201
       Animal skin       |     1 |       |       |       |       |       ||     1
       Chain mail        |       |       |    93 |    41 |       |       ||   134
       Plate armour      |       |       |       |   259 |   700 |    73 ||  1032
Dodge: Dodged            |    31 |    53 |   111 |   260 |   502 |    62 ||  1019
Block: Buckler           |       |    14 |    65 |   146 |   308 |    40 ||   573
